Workbook

Sheet Fiche
A1: Fiche technique
A2: Nom | B2: CÔTES D'AGNEAU CHAMPVALLON
A3: Code | B3: GRO_CDC_154A
A4: Classe | B4: Plats complets collectivité (GRO.COMPLETS)
A5: Statut | B5: publie
A6: Verrouillée | B6: Non
A7: Source bibliographique | B7: La Cuisine de Collectivité (BPI.CDC)
A8: Provenance
A10: Quantité de référence | B10: 100 pc
A11: Coût de revient H.T. (qt de référence) | B11: 354.35578
A12: Coût unitaire H.T. | B12: 3.5435578
A14: Quantité demandée pour cet export | B14: 100 pc
A15: Coût de revient total H.T. pour cette quantité | B15: 354.35578
A17: Export généré le | B17: 30/10/2026 16:25
B18: CUIS.web — Portage du CUIS Clipper de 1992 par Palika & Bernard Vandendaele (créateur du moteur récursif d'origine)

Sheet Besoins
A1: Besoins matière
A2: Multiplicateur souhaité | B2: 1
A3: Quantité de référence | B3: 100 | C3: pc
A4: Quantité obtenue | B4: =$B$2*B3 -> 100 | C4: =C3 -> pc
A6: Code | B6: Matière première | C6: Classe | D6: Base (×1, modifiable) | E6: Quantité | F6: Unité | G6: Coût H.T.
A7: EAU | B7: Eau (robinet - moy. France 2026) | C7: Matières premières | D7: 14.775 | E7: =D7*$B$2 -> 14.775 | F7: lt | G7: =E7*0.0043 -> 0.063533
A8: EPI-POIVRE-NOIR | B8: Poivre noir moulu | C8: Épices en poudre et graines | D8: 0.016 | E8: =D8*$B$2 -> 0.016 | F8: kg | G8: =E8*12.5 -> 0.2
A9: MEL-HERBES-PRO | B9: Herbes de Provence | C9: Mélanges et épices composées | D9: 0.06 | E9: =D9*$B$2 -> 0.06 | F9: kg | G9: =E9*9.5 -> 0.57
A10: KNORR-FBLANC-VEA | B10: Fonds Blanc de Veau (Knorr Professional) | C10: Fonds déshydratés et poudres | D10: 0.225 | E10: =D10*$B$2 -> 0.225 | F10: kg | G10: =E10*25.01 -> 5.62725
A11: JUS-AGNEAU | B11: Jus d'agneau reconstitue | C11: Fonds déshydratés et poudres | D11: 9 | E11: =D11*$B$2 -> 9 | F11: lt | G11: =E11*4 -> 36
A12: RNME101405 | B12: Huile de tournesol bidon 5L | C12: Huiles végétales | D12: 0.05 | E12: =D12*$B$2 -> 0.05 | F12: u | G12: =E12*20.35 -> 1.0175
A13: BEU-DOUX | B13: Beurre doux 82% MG plaquette | C13: Beurres et margarines | D13: 0.25 | E13: =D13*$B$2 -> 0.25 | F13: kg | G13: =E13*5.2 -> 1.3
A14: PDT-LAMELLE-SV | B14: Pommes de terre lamelles cuites sous vide (5e gamme) | C14: Légumes 4ème et 5ème gamme | D14: 24 | E14: =D14*$B$2 -> 24 | F14: kg | G14: =E14*1.99 -> 47.76
A15: SEL-FIN | B15: Sel fin de cuisine | C15: Sels et condiments de base | D15: 0.15 | E15: =D15*$B$2 -> 0.15 | F15: kg | G15: =E15*0.35 -> 0.0525
A16: RNMS00812 | B16: Ail haché IQF | C16: Légumes surgelés | D16: 0.25 | E16: =D16*$B$2 -> 0.25 | F16: kg | G16: =E16*9.26 -> 2.315
A17: RNMS00780 | B17: Oignons émincés surgelés | C17: Légumes surgelés | D17: 5 | E17: =D17*$B$2 -> 5 | F17: kg | G17: =E17*3.89 -> 19.45
A18: COTE-AGNEAU | B18: Cotes d'agneau | C18: Agneau et mouton | D18: 15 | E18: =D18*$B$2 -> 15 | F18: kg | G18: =E18*16 -> 240
F19: Total | G19: =SUM(G7:G18) -> 0

Sheet Composition
A1: Niveau | B1: Composant | C1: Type | D1: Quantité (pour 100 pc) | E1: Unité | F1: Classe
A2: 0 | B2: CÔTES D'AGNEAU CHAMPVALLON | C2: recette | D2: 100 | E2: pc | F2: Plats complets collectivité
A3: 1 | B3: ↳ Côte d'agneau 75 g (pièce) | C3: recette | D3: 200 | E3: pc | F3: Conversions diverses
A4: 2 | B4: ↳ Cotes d'agneau | C4: matiere | D4: 15 | E4: kg | F4: Agneau et mouton
A5: 1 | B5: ↳ Pommes de terre lamelles précuites sous vide — 1 sac de 4 kg (pièce) | C5: recette | D5: 6 | E5: pc | F5: Conversions légumes (P→K)
A6: 2 | B6: ↳ Pommes de terre lamelles cuites sous vide (5e gamme) | C6: matiere | D6: 24 | E6: kg | F6: Légumes 4ème et 5ème gamme
A7: 1 | B7: ↳ Oignons émincés surgelés | C7: matiere | D7: 5 | E7: kg | F7: Légumes surgelés
A8: 1 | B8: ↳ Ail haché IQF | C8: matiere | D8: 0.25 | E8: kg | F8: Légumes surgelés
A9: 1 | B9: ↳ Herbes de Provence | C9: matiere | D9: 0.06 | E9: kg | F9: Mélanges et épices composées
A10: 1 | B10: ↳ Jus d'agneau reconstitue | C10: matiere | D10: 9 | E10: lt | F10: Fonds déshydratés et poudres
A11: 1 | B11: ↳ Fond blanc de veau reconstitué (collectivité) | C11: recette | D11: 15 | E11: lt | F11: Préparations de base collectivité
A12: 2 | B12: ↳ Eau (robinet - moy. France 2026) | C12: matiere | D12: 14.775 | E12: lt | F12: Matières premières
A13: 2 | B13: ↳ Fonds Blanc de Veau (Knorr Professional) | C13: matiere | D13: 0.225 | E13: kg | F13: Fonds déshydratés et poudres
... A18: 1 | B18: ↳ Beurre doux 82% MG plaquette | C18: matiere | D18: 0.25 | E18: kg | F18: Beurres et margarines

Sheet Procedure
A1: Recette | B1: # | C1: Verbe | D1: Étape | E1: Précision technique | F1: Durée
A2: CÔTES D'AGNEAU CHAMPVALLON | B2: 1 | D2: Mise en place du poste de travail — Vérifier les D.L.C., peser les denrées, sélectionner le matériel nécessaire. Laver et désinfecter le matériel et le poste de travail en suivant les protocoles.
A3: CÔTES D'AGNEAU CHAMPVALLON | B3: 2 | D3: Préparations préliminaires — Dans un rondeau, en portant à ébullition 24 litres d'eau, confectionner en même temps le jus d'agneau et le fond blanc de veau, à partir de fonds déshydratés, en se reportant aux recommandations du fabricant. Saler et poivrer le fond. Maintenir au chaud en attente d'utilisation. Dans la sauteuse, faire revenir les oignons émincés, sans trop de coloration. Réserver.
A4: CÔTES D'AGNEAU CHAMPVALLON | B4: 3 | D4: Garnir les bacs de cuisson — Beurrer les 6 bacs GN 1/1 H 100. Dans chacun des bacs, déposer 2 kg de pommes de terre émincées (un demi-sac). Saler, poivrer et saupoudrer l'ail haché et les herbes de Provence sur les pommes de terre. Répartir la moitié des oignons émincés revenus sur le lit de pommes de terre.
A5: CÔTES D'AGNEAU CHAMPVALLON | B5: 4 | D5: Marquer la cuisson des côtes d'agneau — Préchauffer le four sur la position chaleur sèche à + 200 °C. Sur 8 grilles de cuisson GN 1/1, déposer 25 côtes d'agneau par grille. Saler et poivrer les pièces de viande. On peut, éventuellement, saupoudrer les côtes d'agneau de produit d'aide à rôtir. Dans ce cas ne pas saler la viande. Étager les grilles de côtes d'agneau sur l'échelle de four. Dans le bas de l'échelle, sous les grilles, déposer un bac GN 1/1 H 65 pour récupérer les graisses de cuisson. Enfourner et saisir les côtes d'agneau pendant 6 minutes.
A6: CÔTES D'AGNEAU CHAMPVALLON | B6: 5 | D6: Terminer de garnir les bacs de cuisson — Répartir les côtes d'agneau sur le lit de pommes de terre et d'oignons, soit 33 à 34 côtes par bac (200 côtes pour 6 bacs ; le livre écrit 25 par bac). Recouvrir les côtes d'agneau avec le reste des pommes de terre (le second demi-sac) et des oignons. Mouiller les bacs au niveau supérieur des pommes de terre, c'est-à-dire avec 4 litres de fond composé de jus d'agneau et de fond blanc de veau. Couvrir les bacs.
A7: CÔTES D'AGNEAU CHAMPVALLON | B7: 6 | D7: Cuire les côtes d'agneau champvallon — Préchauffer le four sur la position chaleur sèche à + 180 °C. Étager les bacs garnis sur l'échelle de four. Enfourner et cuire les côtes d'agneau champvallon pendant 15 minutes à + 180 °C. Réduire la source de chaleur à + 160 °C et finir de cuire pendant 35 minutes environ. Vérifier la cuisson. Respecter la procédure de fin de cuisson. Stocker en armoire chaude et maintenir à + 63 °C en attente de consommation.
A8: CÔTES D'AGNEAU CHAMPVALLON | B8: 7 | D8: Servir — Servir à l'assiette, 2 côtes d'agneau sur un lit de pommes de terre.
A9: Fond blanc de veau reconstitué (collectivité) | B9: 1 | C9: DISSOUDRE | D9: Délayer la poudre dans l'eau froide en fouettant, puis porter à ébullition en remuant régulièrement.

Sheet Carte imprimable
A1: Fiche technique — CÔTES D'AGNEAU CHAMPVALLON
A2: ="GRO_CDC_154A · GRO.COMPLETS · référence : "&Besoins!B3&" "&Besoins!C3&" · multiplicateur réglable sur la feuille ""Besoins""" -> GRO_CDC_154A · GRO.COMPLETS · référence : 100 pc · multiplicateur réglable sur la feuille
A4: CÔTES D'AGNEAU CHAMPVALLON GRO_CDC_154A
A5: 1. | B5: =Procedure!D2 -> Mise en place du poste de travail — Vérifier les D.L.C., peser les denrées, sélectionner le matériel nécessaire. Laver et désinfecter le matériel et le poste de travail en suivant les protocoles.
A6: 2. | B6: =Procedure!D3 -> Préparations préliminaires — Dans un rondeau, en portant à ébullition 24 litres d'eau, confectionner en même temps le jus d'agneau et le fond blanc de veau, à partir de fonds déshydratés, en se reportant aux recommandations du fabricant. Saler et poivrer le fond. Maintenir au chaud en attente d'utilisation. Dans la sauteuse, faire revenir les oignons émincés, sans trop de coloration. Réserver.
B7: =Besoins!B11 -> Jus d'agneau reconstitue | C7: =Besoins!E11 -> 9 | D7: =Besoins!F11 -> lt
B8: Fond blanc de veau reconstitué (collectivité) | C8: ='Besoins'!$B$2*15 -> 15 | D8: lt
B9: =Besoins!B15 -> Sel fin de cuisine | C9: =Besoins!E15 -> 0.15 | D9: =Besoins!F15 -> kg
B10: =Besoins!B8 -> Poivre noir moulu | C10: =Besoins!E8 -> 0.016 | D10: =Besoins!F8 -> kg
B11: HUILE TOURNESOL (L) (conv.) | C11: ='Besoins'!$B$2*0.25 -> 0.25 | D11: lt
B12: =Besoins!B17 -> Oignons émincés surgelés | C12: =Besoins!E17 -> 5 | D12: =Besoins!F17 -> kg
A13: 3. | B13: =Procedure!D4 -> Garnir les bacs de cuisson — Beurrer les 6 bacs GN 1/1 H 100. Dans chacun des bacs, déposer 2 kg de pommes de terre émincées (un demi-sac). Saler, poivrer et saupoudrer l'ail haché et les herbes de Provence sur les pommes de terre. Répartir la moitié des oignons émincés revenus sur le lit de pommes de terre.
B14: =Besoins!B13 -> Beurre doux 82% MG plaquette | C14: =Besoins!E13 -> 0.25 | D14: =Besoins!F13 -> kg
B15: Pommes de terre lamelles précuites sous vide — 1 sac de 4 kg (pièce) (conv.) | C15: ='Besoins'!$B$2*6 -> 6 | D15: pc
B16: =Besoins!B16 -> Ail haché IQF | C16: =Besoins!E16 -> 0.25 | D16: =Besoins!F16 -> kg
B17: =Besoins!B9 -> Herbes de Provence | C17: =Besoins!E9 -> 0.06 | D17: =Besoins!F9 -> kg
A18: 4. | B18: =Procedure!D5 -> Marquer la cuisson des côtes d'agneau — Préchauffer le four sur la position chaleur sèche à + 200 °C. Sur 8 grilles de cuisson GN 1/1, déposer 25 côtes d'agneau par grille. Saler et poivrer les pièces de viande. On peut, éventuellement, saupoudrer les côtes d'agneau de produit d'aide à rôtir. Dans ce cas ne pas saler la viande. Étager les grilles de côtes d'agneau sur l'échelle de four. Dans le bas de l'échelle, sous les grilles, déposer un bac GN 1/1 H 65 pour récupérer les graisses de cuisson. Enfourner et saisir les côtes d'agneau pendant 6 minutes.
B19: Côte d'agneau 75 g (pièce) (conv.) | C19: ='Besoins'!$B$2*200 -> 200 | D19: pc
A20: 5. | B20: =Procedure!D6 -> Terminer de garnir les bacs de cuisson — Répartir les côtes d'agneau sur le lit de pommes de terre et d'oignons, soit 33 à 34 côtes par bac (200 côtes pour 6 bacs ; le livre écrit 25 par bac). Recouvrir les côtes d'agneau avec le reste des pommes de terre (le second demi-sac) et des oignons. Mouiller les bacs au niveau supérieur des pommes de terre, c'est-à-dire avec 4 litres de fond composé de jus d'agneau et de fond blanc de veau. Couvrir les bacs.
A21: 6. | B21: =Procedure!D7 -> Cuire les côtes d'agneau champvallon — Préchauffer le four sur la position chaleur sèche à + 180 °C. Étager les bacs garnis sur l'échelle de four. Enfourner et cuire les côtes d'agneau champvallon pendant 15 minutes à + 180 °C. Réduire la source de chaleur à + 160 °C et finir de cuire pendant 35 minutes environ. Vérifier la cuisson. Respecter la procédure de fin de cuisson. Stocker en armoire chaude et maintenir à + 63 °C en attente de consommation.
A22: 7. | B22: =Procedure!D8 -> Servir — Servir à l'assiette, 2 côtes d'agneau sur un lit de pommes de terre.
A24: ↳ Fond blanc de veau reconstitué (collectivité) GRO-FONDB-VEAU
A25: 1. | B25: ="[DISSOUDRE] "&Procedure!D9 -> [DISSOUDRE] Délayer la poudre dans l'eau froide en fouettant, puis porter à ébullition en remuant régulièrement.
B26: =Besoins!B7 -> Eau (robinet - moy. France 2026) | C26: =Besoins!E7 -> 14.775 | D26: =Besoins!F7 -> lt
B27: =Besoins!B10 -> Fonds Blanc de Veau (Knorr Professional) | C27: =Besoins!E10 -> 0.225 | D27: =Besoins!F10 -> kg
A29: CUIS.web — Portage du CUIS Clipper de 1992 par Palika & Bernard Vandendaele (créateur du moteur récursif d'origine)
